Unix NetHack Version 3.7.0-62 Work-in-progress - last build Aug 2 2022 13:42:26 (7b5264baa3a103fe80b1e9c1437dbfbb09ed79b6,branch:master). Game began 2022-08-03 18:19:34, ended 2022-08-03 18:38:14. johncena, lawful female dwarven Valkyrie ------- #-......##### ------------- #|.....| ###### |.....{.....| #|....<| # |...........| #|.....-## # |............## #------- ### #### |...........| ## ## # #### |...........| # ## # --.----.----- # ## # #### ## #### # # ### # # ##---.---# # ## # #|[....-###############------.---.--- # ####### #......|# ###.......l.....| # # ......| # |..l.........| # # ########*##-...... |.d..r.r.....| -.-.---####### # ------- ......@^.....| |.....-##### |.....%r.....| |.....| ------------+- ------- Johncena the Skirmisher St:17 Dx:13 Co:20 In:9 Wi:6 Ch:10 Lawful S:694 Dlvl:5 $:0 HP:0(55) Pw:4(4) AC:3 Xp:4/121 T:2485 Deaf Latest messages: It bites! It misses! It bites! It misses! It hits! What do you want to read? Never mind. Where do you want to travel to? (For instructions type a '?') What do you want to zap? In what direction? The wand hits it. You kill it! It misses! It bites! It bites! It misses! It bites! What do you want to zap? In what direction? The wand hits it. You kill it! It misses! It bites! It misses! What do you want to zap? In what direction? The wand hits it. You kill it! It bites! It bites! What do you want to zap? In what direction? The wand misses it. It bites! It bites! It bites! You can see again. What do you want to zap? In what direction? The wand misses the sewer rat. The sewer rat bites! The giant rat bites! The sewer rat bites! You die... Do you want your possessions identified? [ynq] (y) Do you want to see your attributes? [ynq] (y) Do you want an account of creatures vanquished? [ynaq] (y) Do you want to see your conduct and achievements? [ynq] (y) Do you want to see the dungeon overview? [ynq] (y) Major events: Turn 1: johncena the lawful dwarven Valkyrie entered the dungeon 1443: attained the rank of Skirmisher (level 3) 2485: killed by a sewer rat Inventory: Amulets v - an uncursed amulet of magical breathing (being worn) Weapons b - a +0 dagger (weapon in hand) a - a +1 dwarvish spear (alternate weapon; not wielded) Armor c - an uncursed +3 small shield (being worn) x - an uncursed +0 studded leather armor (being worn) Comestibles n - 2 uncursed slime molds d - 2 uncursed food rations i - an uncursed tin of boiled lichen Spellbooks s - an uncursed spellbook of cause fear o - an uncursed spellbook of create familiar Potions p - an uncursed potion of see invisible Wands r - a wand of striking (0:2) Tools g - a cursed leash Gems/Stones q - an uncursed jade stone l - an uncursed worthless piece of black glass m - an uncursed worthless piece of blue glass j - 2 uncursed worthless pieces of orange glass u - an uncursed worthless piece of yellowish brown glass k - an uncursed luckstone h - 8 uncursed rocks Johncena the Valkyrie's attributes: Background: You were a Skirmisher, a level 4 dwarven Valkyrie. You were lawful, nominally on a mission for Tyr who was opposed by Odin (neutral) and Loki (chaotic). You were in the Dungeons of Doom, on level 5. You entered the dungeon 2485 turns ago. You had 121 experience points, 39 more were needed to attain level 5. Your score was 694 before end-of-game adjustments. Basics: You had 0 out of 55 hit points. You had all 4 energy points (spell power). Your armor class was 3. Your wallet was empty. Autopickup was off. Final Characteristics: Your strength was 17 (limit:18/100). Your dexterity was 13 (limit:20). Your constitution was 20 (limit:20). Your intelligence was 9 (limit:16). Your wisdom was 6 (peak:7, limit:16). Your charisma was 10 (limit:16). Final Status: You were deaf. You were not hungry. You were unencumbered. You were wielding a dagger. You had basic skill with dagger. Final Attributes: You were piously aligned. You were cold resistant. You had infravision. You were stealthy. You could survive without air. You were warded. You were lucky. You had extra luck. Bad luck did not time out for you. Good luck did not time out for you. You are dead. Miscellaneous: You never encountered a bones level. Total elapsed playing time was 18 minutes and 39 seconds. Vanquished creatures: a rock mole a shrieker a giant ant a wererat a hobbit a yellow mold 2 garter snakes 4 gnome zombies a gecko 6 jackals 3 foxes a kobold 4 sewer rats 8 grid bugs 3 lichens 2 kobold zombies 5 newts 45 creatures vanquished. No species were genocided or became extinct. Voluntary challenges: You were an atheist. You read items or engraved 1 time. You never engraved Elbereth. You never genocided any monsters. You never polymorphed an object. You never changed form. You used no wishes. Achievements: You attained the rank of Skirmisher. You entered a shop. The Dungeons of Doom: levels 1 to 5 Level 1: A sink. Level 2: Level 3: Some fountains. Level 4: A delicatessen, a fountain. Level 5: <- You were here. A fountain. Final resting place for you, killed by a sewer rat. Game over: ---------- / \ / REST \ / IN \ / PEACE \ / \ | johncena | | 0 Au | | killed by a | | sewer rat | | | | | | 2022 | *| * * * | * _________)/\\_//(\/(/\)/\//\/|_)_______ Farvel johncena the Valkyrie... You died in The Dungeons of Doom on dungeon level 5 with 694 points, and 0 pieces of gold, after 2485 moves. You were level 4 with a maximum of 55 hit points when you died.